 Dungeon Crawl Stone Soup version 0.19.0-2-gae57169 (webtiles) character file.

12952 Khazard the Slinger (level 11, -18/53 HPs)
             Began as a Spriggan Arcane Marksman on Nov 5, 2016.
             Was an Elder of Okawaru.
             Demolished by a very large slime creature (51 damage)
             ... on level 12 of the Dungeon.
             The game lasted 00:24:45 (15317 turns).

Khazard the Slinger (Spriggan Arcane Marksman)     Turns: 15317, Time: 00:24:46

Health: -18/53     AC:  7    Str: 13    XL:     11   Next: 69%
Magic:  18/31      EV: 24    Int: 18    God:    Okawaru [****..]
Gold:   234        SH:  0    Dex: 16    Spells: 8 memorised, 3 levels left

rFire  . . .     SeeInvis +     b - +0 dagger (elec)
rCold  + + .     Gourm    .     U - +0 troll leather armour
rNeg   . . .     Faith    +     (shield restricted)
rPois  +         Spirit   .     (helmet restricted)
rElec  .         Reflect  .     k - +2 cloak
rCorr  .         Harm     .     (gloves unavailable)
MR     +++..                    (boots unavailable)
Stlth  ++........               L - amulet "Hamoen" {Faith rC++ MR++ Str+4}
                                O - ring of poison resistance
                                s - ring of magical power

@: very slightly contaminated, repel missiles, very quick
A: unfitting armour, antennae 1, see invisible, clever 1, herbivore 3, speed 3,
screaming 1, slow metabolism 2
a: Heroism, Renounce Religion


You were on level 12 of the Dungeon.
You worshipped Okawaru.
Okawaru was greatly pleased with you.
You were not hungry.

You visited 2 branches of the dungeon, and saw 13 of its levels.
You also visited: Ossuary.

You collected 449 gold pieces.
You spent 215 gold pieces at shops.

Inventory:

Hand Weapons
 a - a +1 hunting sling of freezing
 b - a +0 dagger of electrocution (weapon)
 l - a +2 short sword of speed
 m - a +1 dagger of venom
 C - a +3 spear of piercing
Missiles
 d - 131 stones (quivered)
 j - 108 sling bullets
 B - 95 bolts
Armour
 e - a +0 robe
 k - a +2 cloak (worn)
 U - a +0 troll leather armour (worn)
Jewellery
 s - a ring of magical power (left hand)
 w - an uncursed amulet of guardian spirit
 L - the amulet "Hamoen" (around neck) {Faith rC++ MR++ Str+4}
   (You bought it in a shop on level 7 of the Dungeon)

   [amulet of faith]

   It allows you to gain divine favour quickly.
   It affects your strength (+4).
   It greatly protects you from cold.
   It affects your resistance to hostile enchantments.
 O - a ring of poison resistance (right hand)
 R - an uncursed ring of flight
Wands
 t - a wand of random effects (9/48)
 F - a wand of disintegration (6/24)
 I - a wand of lightning (0/15)
 S - a wand of flame (32/48)
 T - a wand of polymorph (2/24)
Scrolls
 i - 2 scrolls of recharging
 r - 6 scrolls of remove curse
 u - a scroll of magic mapping
 z - 3 scrolls of enchant armour
 G - a scroll of enchant weapon
 M - a scroll of amnesia
 Q - a scroll of fog
 W - a scroll of identify
Potions
 h - a potion of agility
 n - 7 potions of curing
 o - 2 potions of cure mutation {unknown}
 p - 4 potions of resistance {unknown}
 q - 2 potions of flight {unknown}
 v - 7 potions of heal wounds {unknown}
 x - 2 potions of might {unknown}
 A - a potion of ambrosia {unknown}
 D - a potion of lignification {unknown}
 H - a potion of brilliance
 J - a potion of magic {unknown}
 V - a potion of invisibility {unknown}
Books
 c - a book of Debilitation

   Spells                             Type                      Level
   a - Corona                         Hexes                        1
   b - Slow                           Hexes                        2
   c - Gell's Gravitas                Hexes/Translocation          3
   d - Inner Flame                    Hexes/Fire                   3
   e - Cause Fear                     Hexes                        4
   f - Leda's Liquefaction            Hexes/Earth                  4
 g - a book of Necromancy

   Spells                             Type                      Level
   a - Pain                           Necromancy                   1
   b - Animate Skeleton               Necromancy                   1
   c - Vampiric Draining              Necromancy                   3
   d - Regeneration                   Charms/Necromancy            3
   e - Animate Dead                   Necromancy                   4
   f - Control Undead                 Necromancy                   4
 y - a book of Misfortune

   Spells                             Type                      Level
   a - Confusing Touch                Hexes                        1
   b - Confuse                        Hexes                        3
   c - Gell's Gravitas                Hexes/Translocation          3
   d - Petrify                        Transmutation/Earth          4
   e - Metabolic Englaciation         Hexes/Ice                    5
   f - Yara's Violent Unravelling     Hexes/Transmutation          5
 K - a book of Flames

   Spells                             Type                      Level
   a - Flame Tongue                   Conjuration/Fire             1
   b - Throw Flame                    Conjuration/Fire             2
   c - Conjure Flame                  Conjuration/Fire             3
   d - Inner Flame                    Hexes/Fire                   3
   e - Sticky Flame                   Conjuration/Fire             4
   f - Fireball                       Conjuration/Fire             5
 N - a book of Air

   Spells                             Type                      Level
   a - Shock                          Conjuration/Air              1
   b - Swiftness                      Charms/Air                   2
   c - Repel Missiles                 Charms/Air                   2
   d - Static Discharge               Conjuration/Air              3
   e - Lightning Bolt                 Conjuration/Air              5
Comestibles
 f - 8 bread rations
 E - 29 fruits
 P - a slice of pizza


   Skills:
 + Level 4.2 Fighting
 * Level 8.2 Short Blades
 - Level 12.1 Slings
 + Level 9.3 Dodging
 + Level 3.5 Stealth
 - Level 7.0 Spellcasting
 - Level 2.0 Conjurations
 - Level 7.0 Hexes
 - Level 6.3 Charms
 - Level 4.5 Fire Magic
 * Level 2.9 Invocations


You had 3 spell levels left.
You knew the following spells:

 Your Spells              Type           Power        Failure   Level  Hunger
a - Corona                Hex            ####...      1%          1    None
b - Slow                  Hex            ####....     1%          2    None
c - Conjure Flame         Conj/Fire      ###.....     12%         3    ##.....
d - Sticky Flame          Conj/Fire      ###.....     34%         4    ####...
e - Confuse               Hex            ####....     2%          3    ##.....
f - Regeneration          Chrm/Necr      ###.......   14%         3    ##.....
i - Inner Flame           Hex/Fire       ####....     4%          3    ##.....
k - Repel Missiles        Chrm/Air       ###...       8%          2    None


Dungeon Overview and Level Annotations

Branches:
Dungeon (12/15)            Temple (1/1) D:5            Lair (0/6) D:10
    Orc (0/2) D:11

Altars:
Cheibriados
Dithmenos
Fedhas
Hepliaklqana
Kikubaaqudgha
Makhleb
Nemelex Xobeh
Okawaru
Qazlal
Sif Muna
Trog
Vehumet
Xom
Yredelemnul
Zin
The Shining One

Shops:
D:7 [!=*?   D:8 ?

Portals:
Bailey: D:12


Innate Abilities, Weirdness & Mutations

You are very small and have problems with some larger weapons.
You are too small for most types of armour.
You have supernaturally acute eyesight. (SInv)
You are a herbivore.
You cover ground extremely quickly.
You need consume almost no food.
You have a pair of small antennae on your head.
Your mind is acute. (Int +2)
You occasionally shout uncontrollably at your foes.


Message History

Confirm with . or Enter, or press ? or * to list all spells.
Aiming: Confuse
Press: ? - help, Shift-Dir - straight line, f/p - very large slime creature
Aim: a very large slime creature (chance to defeat MR: 42%)
Okay, then.
Casting: Confuse
Confirm with . or Enter, or press ? or * to list all spells.
Aiming: Confuse
Press: ? - help, Shift-Dir - straight line, f - vampire mosquito, p - very large slime creature
Aim: a vampire mosquito (moderately damaged, chance to defeat MR: 60%)
The vampire mosquito appears confused.
The vampire mosquito bites the very large slime creature.
The vampire mosquito draws strength from the very large slime creature's injuries!
Unknown command.
You strike the helpless vampire mosquito from behind!
You impale the vampire mosquito!!
The vampire mosquito is almost destroyed.
The very large slime creature hits you!!!
Ouch! That really hurt!
You die...

*#...≈#####≈..###)##
#..#J≈#...#≈.#....#
#.##.J#.∩.#≈.#..### *******
####+##.≈#...#≈(#'######***,,,,,,
........≈##.##≈.J.......,**,,,,,,
.......)≈≈≈≈≈≈≈.........,**,,,,,,
........)..o.g.........),*,,,,,,,
.........#.###a..y......,*,,,,,,,
...........# #.J@.......,,,,,,,,,
.........+.#*#..........,**,,,,,,
.........#...+.....(....,**,,,,>,
.......).#####..........,**,,,,,,
########## ###########***,,,,,,
*******


You could see an enormous slime creature (confused), a very large slime
creature, an orc warrior, a vampire mosquito (confused), a worker ant and a
goblin.

Vanquished Creatures
  A hydra (D:12)
  Erica (D:9)
  A hill giant (D:10)
  2 ugly things
  A manticore (D:11)
  The ghost of Galewind the Infuser, a novice DECj of Vehumet (D:4)
  3 trolls
  A hornet (D:11)
  Grinder (D:5)
  2 two-headed ogres
  3 hippogriffs
  2 slime creatures (D:12)
  A yak (D:9)
  Eustachio (D:5)
  2 vampire mosquitoes (D:12)
  Grum (D:8)
  Menkaure (D:5)
  A water moccasin (D:8)
  A soldier ant (D:12)
  Duvessa (D:5)
  An ice beast (D:12)
  2 black bears
  7 orc warriors
  A sky beast (D:11)
  A phantom (D:11)
  2 wolves (D:8)
  10 ogres
  6 centaurs
  3 big kobolds
  10 bullfrogs
  A gnoll sergeant (D:8)
  2 water moccasin zombies (Ossuary)
  6 scorpions
  10 killer bees
  Dowan (D:5)
  3 wights (D:10)
  9 crimson imps
  2 bullfrog zombies
  2 centaur zombies (D:11)
  4 hounds
  A jelly (D:11)
  7 orc priests
  12 orc wizards
  3 centaur skeletons
  An iguana (D:4)
  7 worker ants
  2 big kobold zombies (Ossuary)
  2 mummies (Ossuary)
  A hound skeleton (D:5)
  3 worker ant zombies
  6 gnolls
  11 adders
  A shadow imp (D:10)
  2 oozes
  6 adder zombies
  3 worms (D:2)
  4 dart slugs
  3 leopard geckos
  40 orcs
  3 ball pythons
  8 bats
  3 giant cockroaches
  4 gnoll zombies
  16 goblins
  10 hobgoblins
  4 jackals (D:6)
  14 kobolds
  A quokka (D:10)
  4 frilled lizards
  8 hobgoblin zombies (Ossuary)
  A kobold zombie (Ossuary)
  A leopard gecko skeleton (D:8)
  10 orc zombies (Ossuary)
  11 rats
324 creatures vanquished.

Notes
Turn   | Place    | Note
-------+----------+-------------------------------------------
     0 | D:1      | Khazard the Spriggan Arcane Marksman began the quest for the Orb.
     0 | D:1      | Reached XP level 1. HP: 9/9 MP: 3/3
    82 | D:1      | Reached skill level 3 in Slings
   166 | D:1      | Reached XP level 2. HP: 14/14 MP: 5/5
   481 | D:1      | Reached skill level 4 in Slings
   633 | D:1      | Reached XP level 3. HP: 17/17 MP: 6/6
   990 | D:1      | Learned a level 2 spell: Slow
  1136 | D:2      | Found a sparkling altar of Nemelex Xobeh.
  1146 | D:2      | Reached skill level 5 in Slings
  1319 | D:2      | Reached XP level 4. HP: 12/21 MP: 7/7
  1413 | D:2      | Found a stormy altar of Qazlal.
  1413 | D:2      | Found a glowing golden altar of the Shining One.
  1658 | D:2      | Found a hazy altar of Hepliaklqana.
  1659 | D:2      | Found a bloodstained altar of Trog.
  2137 | D:3      | Reached skill level 6 in Slings
  2735 | D:3      | Reached XP level 5. HP: 25/25 MP: 8/8
  3284 | D:4      | Reached skill level 7 in Slings
  3319 | D:4      | Found a sand-covered staircase.
  3324 | Ossuary  | Entered an ossuary
  3568 | Ossuary  | Reached XP level 6. HP: 25/29 MP: 9/9
  3908 | Ossuary  | Reached skill level 8 in Slings
  3946 | Ossuary  | Learned a level 3 spell: Inner Flame
  4575 | D:4      | Reached skill level 9 in Slings
  4772 | D:4      | Reached XP level 7. HP: 32/32 MP: 10/10
  4949 | D:4      | Noticed Galewind's ghost (novice DECj)
  4962 | D:4      | Killed Galewind's ghost
  4962 | D:4      | Reached skill level 10 in Slings
  5024 | D:4      | Reached skill level 11 in Slings
  5042 | D:4      | Found a shimmering altar of Xom.
  5089 | D:4      | Reached XP level 8. HP: 35/37 MP: 11/11
  5663 | D:5      | Entered Level 5 of the Dungeon
  5735 | D:5      | Noticed Grinder
  5752 | D:5      | Paralysed by Grinder for 3 turns
  5755 | D:5      | Killed Grinder
  5755 | D:5      | Reached skill level 12 in Slings
  5852 | D:5      | Reached skill level 1 in Fighting
  5894 | D:5      | Found a staircase to the Ecumenical Temple.
  5962 | D:5      | Reached skill level 1 in Fire Magic
  5970 | Temple   | Entered the Ecumenical Temple
  6029 | D:5      | Noticed Eustachio
  6043 | D:5      | Killed Eustachio
  6194 | D:5      | Found a basalt altar of Yredelemnul.
  6229 | D:5      | Noticed Menkaure
  6244 | D:5      | Killed Menkaure
  6398 | D:5      | Noticed Duvessa
  6398 | D:5      | Noticed Dowan
  6424 | D:5      | Killed Duvessa
  6424 | D:5      | Killed Dowan
  6424 | D:5      | Reached skill level 5 in Hexes
  6424 | D:5      | Reached XP level 9. HP: 30/42 MP: 15/15
  7075 | D:6      | Reached skill level 5 in Dodging
  7295 | D:6      | Learned a level 3 spell: Conjure Flame
  7620 | D:7      | Found Cuphefuab's Assorted Antiques.
  7623 | D:7      | Bought a pitted jade amulet for 180 gold pieces
  7624 | D:7      | Identified the amulet "Hamoen" {Faith rC++ MR++ Str+4} (You bought it in a shop on level 7 of the Dungeon)
  7625 | D:7      | L0L
  7647 | D:7      | Found Atyghum's Jewellery Shop.
  7863 | D:7      | Reached skill level 5 in Spellcasting
  8199 | D:7      | Found Mot Far's Distillery.
  8203 | D:7      | Bought a potion of mutation for 35 gold pieces
  8203 | D:7      | Gained mutation: You have a pair of small antennae on your head. [potion of mutation]
  8203 | D:7      | Gained mutation: Your mind is acute. (Int +2) [potion of mutation]
  8203 | D:7      | Gained mutation: You occasionally shout uncontrollably at your foes. [potion of mutation]
  8489 | D:7      | Found Vyrchiuj's Armour Shop.
  8835 | D:7      | Found Derauwne's Magic Scroll Boutique.
  9070 | D:8      | You fall through a shaft!
  9349 | D:8      | Reached XP level 10. HP: 17/49 MP: 20/20
  9616 | D:8      | Noticed Grum
 10156 | D:9      | Learned a level 4 spell: Sticky Flame
 10166 | D:9      | Reached skill level 1 in Conjurations
 10256 | D:9      | Noticed Erica
 10297 | D:9      | Learned a level 2 spell: Repel Missiles
 10302 | D:9      | Learned a level 3 spell: Confuse
 10717 | D:9      | Killed Erica
 10805 | D:9      | Found an iron altar of Okawaru.
 10805 | D:9      | Found a glowing silver altar of Zin.
 10806 | D:9      | Found an ancient bone altar of Kikubaaqudgha.
 10812 | D:9      | Became a worshipper of Warmaster Okawaru
 10881 | D:9      | Learned a level 3 spell: Regeneration
 10934 | D:8      | Reached skill level 1 in Charms
 11196 | D:8      | Killed Grum
 11258 | D:8      | Reached skill level 1 in Short Blades
 11304 | D:8      | Found Gadag's Magic Scroll Shop.
 11831 | D:10     | Entered Level 10 of the Dungeon
 12211 | D:10     | Reached * piety under Okawaru
 12333 | D:10     | Found a glowing golden altar of the Shining One.
 12437 | D:10     | Noticed a hill giant
 12476 | D:10     | Killed a hill giant
 12476 | D:10     | Reached skill level 5 in Charms
 12826 | D:10     | Reached ** piety under Okawaru
 12826 | D:10     | Reached skill level 5 in Short Blades
 12963 | D:10     | Found a staircase to the Lair.
 13113 | D:11     | Reached XP level 11. HP: 53/53 MP: 22/22
 13440 | D:11     | Reached *** piety under Okawaru
 13529 | D:11     | Found a staircase to the Orcish Mines.
 14070 | D:11     | Noticed a red ugly thing
 14165 | D:11     | Killed a red ugly thing
 14224 | D:11     | Reached **** piety under Okawaru
 14927 | D:12     | Reached skill level 1 in Stealth
 14927 | D:12     | Reached skill level 1 in Invocations
 14940 | D:12     | Noticed a red ugly thing
 14956 | D:12     | Killed a red ugly thing
 15019 | D:12     | Noticed a five-headed hydra
 15038 | D:12     | Killed a five-headed hydra
 15038 | D:12     | Received a gift from Okawaru
 15141 | D:12     | Received a gift from Okawaru
 15285 | D:12     | Found a flagged portal.
 15317 | D:12     | Demolished by a very large slime creature

Skill      XL: |  1  2  3  4  5  6  7  8  9 10 11 |
---------------+----------------------------------+-----
Slings         | 3 4 5 6 7 9 11 12 | 12.1
Fighting       | 2 3 4 |  4.2
Spellcasting   | 3 6 7 |  7.0
Hexes          | 5 7 |  7.0
Fire Magic     | 1 3 4 |  4.5
Dodging        | 4 6 8 9 |  9.3
Conjurations   | 2 |  2.0
Charms         | 6 |  6.3
Short Blades   | 5 8 |  8.2
Stealth        | 3 |  3.5
Invocations    | 2 |  2.9

Action                   |  1- 3 |  4- 6 |  7- 9 | 10-12 || total
-------------------------+-------+-------+-------+-------++-------
Melee: Dagger            |       |     4 |    47 |   300 ||   351
 Fire: Hunting sling     |   142 |   361 |   525 |   620 ||  1648
 Cast: Slow              |       |     1 |     6 |    10 ||    17
       Inner Flame       |       |       |    13 |    29 ||    42
       Confuse           |       |       |       |    24 ||    24
       Repel Missiles    |       |       |       |     4 ||     4
       Corona            |       |       |       |     2 ||     2
       Sticky Flame      |       |       |       |     1 ||     1
       Conjure Flame     |       |       |       |     1 ||     1
Invok: Heroism           |       |       |       |     2 ||     2
Evoke: Wand              |       |       |     1 |     8 ||     9
  Use: Scroll            |     2 |     6 |     5 |     7 ||    20
       Potion            |       |       |     1 |     5 ||     6
 Stab: Paralysed         |       |       |     7 |       ||     7
       Confused          |       |       |       |    11 ||    11
  Eat: Bread ration      |       |     1 |     1 |       ||     2
Armor: Robe              |     4 |    21 |    13 |     5 ||    43
       Troll leather arm |       |       |       |    21 ||    21
Dodge: Dodged            |    32 |   111 |   111 |   349 ||   603
       Deflected         |       |       |       |     5 ||     5
